 Dungeon Crawl Stone Soup version 0.32-a0-576-g706899e69d (webtiles) character file.

Game seed: 9747965339096956068

2516 cforsyth the Reanimator (level 9, -3/74 (83) HPs)
             Began as a Mountain Dwarf Necromancer on Mar 1, 2024.
             Slain by a wight
             ... wielding a +4 halberd of freezing
              (4 damage)
             ... on level 7 of the Dungeon.
             The game lasted 00:16:54 (7752 turns).

cforsyth the Reanimator (MDNe)                      Turns: 7752, Time: 00:16:55

HP:   -3/74 (83)    AC:  9    Str: 13    XL:     9   Next: 29%
MP:   11/11         EV: 14    Int: 18    God:
Gold: 708           SH:  0    Dex: 10    Spells: 10/11 levels left

rFire   + + .        a - +1 war axe (elec)
rCold   . . .        (no shield)
rNeg    . . .        y - +1 scale mail of Parts Unknown {rF++}
rPois   .            j - +2 hat
rElec   .            (no cloak)
rCorr   .            (no gloves)
SInv    .            (no boots)
Will    .....        i - amulet of regeneration Stlth
                     E - +5 ring of evasion
HPRegen 1.12/turn    Y - +4 ring of slaying
MPRegen 0.12/turn

%: no passive effects
@: hasted, heavily drained, invisible, very quick
A: runic magic, artefact enchanting
a: no special abilities


You were on level 7 of the Dungeon.
You visited 1 branch of the dungeon, and saw 7 of its levels.
You also visited: Sewer.

You collected 917 gold pieces.
You spent 209 gold pieces at shops.


Innate Abilities, Weirdness & Mutations

Your spellcasting is much less encumbered by armour.
You can use scrolls of enchantment on lesser artefacts.


   Skills:
 + Level 9.1 Fighting
 + Level 5.0 Axes
 - Level 1.3 Dodging
 - Level 1.4 Stealth
 - Level 1.7 Spellcasting
 + Level 10.2 Necromancy


You had 10 spell levels left.
You knew the following spells:

 Your Spells              Type           Power      Damage    Failure   Level
X - Necrotise             Necr           100%       1d9       1%          1

Your spell library contained the following spells:

 Spells                   Type           Power      Damage    Failure   Level
 Sublimation of Blood     Necr           38%        N/A       1%          2
 Fugue of the Fallen      Necr           38%        N/A       1%          3
 Vampiric Draining        Necr           38%        2d8       1%          3
 Animate Dead             Necr           38%        N/A       4%          4
 Curse of Agony           Necr           38%        N/A       12%         5
 Foxfire                  Conj/Fire      4%         2x1d4     26%         1
 Call Imp                 Summ           2%         N/A       38%         2
 Jinxbite                 Hex            2%         N/A       38%         2
 Ozocubu's Armour         Ice            1%         N/A       63%         3
 Manifold Assault         Tloc           1%         N/A       95%         4
 Yara's Violent Unravell  Hex/Alch       0%         3d3       100%        5
 Plasma Beam              Fire/Air       0%         2x1d10    100%        6
 Starburst                Conj/Fire      0%         6d3       100%        6
 Enfeeble                 Hex            0%         N/A       100%        7
 Summon Hydra             Summ           0%         N/A       100%        7

Inventory:

Hand Weapons
 a - a +1 war axe of electrocution (weapon)
 e - a +3 short sword
 u - a +1 whip of freezing
Armour
 j - a +2 hat (worn)
 m - a +0 ring mail
 p - a +0 plate armour
 y - the +1 scale mail of Parts Unknown (worn) {rF++}
   (You found it on level 5 of the Dungeon)

   rF++:      It greatly protects you from fire.
 I - a scarf of resistance
Magical Staves
 D - a staff of conjuration {!a}
Jewellery
 i - an amulet of regeneration (around neck)
 v - an amulet of the acrobat
 C - a ring of protection from cold
 E - a +5 ring of evasion (left hand)
 F - a ring of protection from fire
 Y - a +4 ring of slaying (right hand)
Wands
 B - a wand of charming (9)
 H - a wand of digging (4)
Scrolls
 k - 5 scrolls of teleportation {unknown}
 n - a scroll of silence {unknown}
 o - 2 scrolls of fog
 q - 2 scrolls of immolation {unknown}
 s - a scroll of amnesia {unknown}
 w - a scroll of revelation {unknown}
 x - a scroll of enchant weapon
 G - 2 scrolls of identify {@r1}
Potions
 b - a potion of magic
 c - 3 potions of curing {@q1}
 f - 2 potions of resistance
 g - 2 potions of mutation
 h - a potion of might
 l - 5 potions of enlightenment
 t - 2 potions of brilliance {unknown}
 z - 2 potions of attraction
 A - a potion of heal wounds {unknown}

Dungeon Overview and Level Annotations

Branches:
Dungeon (7/15)             Temple (0/1) D:4           Sewer (visited)

Altars:
Ashenzari
Nemelex Xobeh
Qazlal

Shops:
D:1 *:[?*   D:2 !   D:4 *

Portals:
Abyss: D:6

Annotations:
D:5 2 transporters, 7151Change's ghost, amateur MDFi
D:6 2 transporters, hgbash's ghost, novice DrSh

#......... ##.#######
##...## #.####
##.....## #.##.##
##.......##
#.#...####.........###
#))).....+..>......'.
##.#)..#.##.........#
#...#.#.#.##...szz.#
#......###.##...@z#
#...###.#.####..)##
##### ##.## ##'## #.#
#.# #.# ####.## #.#
#.....# #.###.#...##
#..........#
#####.#...##


You could see a scorpion (unable to see you) and 3 wights.


Message History

The wight hits you with a +4 halberd of freezing.
* * * LOW HITPOINT WARNING * * *
You feel drained.
* * * LOW HITPOINT WARNING * * *
The wight freezes you.
* * * LOW HITPOINT WARNING * * *
The wight hits you but does no damage. The scorpion barely misses you.
Unknown command.
Okay, then.
Okay, then.
You fade into invisibility!
You feel sick.
The wight hits you with a +4 halberd of freezing.
* * * LOW HITPOINT WARNING * * *
The wight freezes you.
* * * LOW HITPOINT WARNING * * *
The wight closely misses you. The wight barely misses you.
The scorpion misses you.
You feel better.
The wight hits you with a +2 dire flail.
* * * LOW HITPOINT WARNING * * *
The wight hits you with a +2 mace of protection.
* * * LOW HITPOINT WARNING * * *
The wight closely misses you. The scorpion closely misses you.
Unknown command.
You feel yourself speed up.
The wight hits you with a +2 dire flail.
* * * LOW HITPOINT WARNING * * *
The wight hits you with a +4 halberd of freezing.
You die...

Skill      XL: |  1  2  3  4  5  6  7  8  9 |
---------------+----------------------------+-----
Fighting       | 1 2 3 4 5 7 8 9 |  9.1
Necromancy     | 5 6 7 8 9 10 | 10.2
Axes           | 3 5 |  5.0
Dodging        | |  1.3
Stealth        | |  1.4
Spellcasting   | |  1.7

Action                     |  1- 3 |  4- 6 |  7- 9 || total
---------------------------+-------+-------+-------++-------
  Melee: Unarmed           |    80 |       |       ||    80
         Short sword       |       |    75 |       ||    75
         Mace              |       |    18 |    43 ||    61
         Whip              |       |    99 |    45 ||   144
         War axe           |       |       |   120 ||   120
   Cast: Necrotise         |    66 |   104 |    36 ||   206
    Use: Scroll            |       |    11 |       ||    11
         Potion            |       |     1 |     3 ||     4
   Stab: Distracted        |       |     1 |       ||     1
 Armour: Robe              |    66 |       |       ||    66
         Ring mail         |       |    59 |       ||    59
         Plate armour      |       |   156 |    37 ||   193
         Scale mail        |       |       |   167 ||   167
  Dodge: Dodged            |    84 |   169 |   169 ||   422

Levels and vault maps discovered:
D:1:      dpeg_arrival_connections, layout_loops_ring, serial_shops, shop,
          nicolae_shop_window_shopping, nicolae_shop_pleasant_corner_grove,
          shop, shop
D:2:      layout_loops_corners, serial_shops, shop, chequers_garden
D:3:      layout_basic, cheibrodos_sewer_entry_bend
D:4:      layout_basic, minmay_temple_entry_trees, hangedman_decor_growths,
          guppyfry_shop_venom, uniq_grinder
D:5:      layout_basic, gammafunk_ghost_smash
D:6:      layout_loops_ring, nicolae_ashenzari_skybound, old_standard_altar,
          gammafunk_ghost_abyssal_escape
D:7:      layout_loops_corners, nicolae_qazlal_beasts_of_the_sky,
          minmay_diced_spiral

Notes
Turn   | Place    | Note
-------+----------+-------------------------------------------
     0 | D:1      | cforsyth the Mountain Dwarf Necromancer began the quest for
                  | the Orb.
     0 | D:1      | Reached XP level 1. HP: 14/14 MP: 3/3
    89 | D:1      | Found Fopox's Book Emporium.
   157 | D:1      | Reached skill level 1 in Fighting
   191 | D:1      | Reached XP level 2. HP: 22/23 MP: 0/4
   296 | D:1      | Found Cosumean's Assorted Antiques.
   331 | D:1      | Found Iceopaaf's Magic Scroll Shoppe.
   377 | D:1      | Found Emoseet's Armour Boutique.
   630 | D:1      | Reached skill level 2 in Fighting
   729 | D:1      | Reached skill level 5 in Necromancy
   729 | D:1      | Reached XP level 3. HP: 29/29 MP: 1/5
  1039 | D:1      | Found Xygid's Assorted Antiques.
  1504 | D:2      | Found Lum Juuz's Distillery.
  2015 | D:2      | Reached XP level 4. HP: 37/37 MP: 3/6
  2194 | D:3      | Identified a scroll of acquirement
  2194 | D:3      | Acquired 547 gold pieces
  2404 | D:3      | Reached skill level 3 in Fighting
  2606 | D:3      | Found a glowing drain.
  2690 | Sewer    | Entered a sewer
  2763 | Sewer    | Noticed a brain worm
  2785 | Sewer    | Killed a brain worm
  2786 | Sewer    | Reached skill level 6 in Necromancy
  2786 | Sewer    | Reached XP level 5. HP: 37/46 MP: 7/7
  2844 | Sewer    | Reached skill level 4 in Fighting
  4005 | D:1      | Bought a scroll labelled YVARGHUE CUUWID for 31 gold pieces
  4005 | D:1      | Bought a scroll labelled AXITTU WACLE for 31 gold pieces
  4071 | D:1      | Bought a white potion for 27 gold pieces
  4071 | D:1      | Bought a scroll labelled MUG RUKKUTAY for 31 gold pieces
  4071 | D:1      | Bought a scroll labelled YVARGHUE CUUWID for 31 gold pieces
  4071 | D:1      | Bought a blue potion for 27 gold pieces
  4071 | D:1      | Bought a scroll labelled AXITTU WACLE for 31 gold pieces
  4564 | D:4      | Noticed a sky beast
  4587 | D:4      | Reached XP level 6. HP: 46/53 MP: 0/8
  4593 | D:4      | Killed a sky beast
  4782 | D:4      | Reached skill level 5 in Fighting
  5334 | D:4      | Reached skill level 7 in Necromancy
  5396 | D:4      | Found Zuige's Serpentskin Sales.
  5437 | D:4      | Found a staircase to the Ecumenical Temple.
  5532 | D:4      | Identified 2 potions of resistance
  5562 | D:4      | You fall into a shaft and drop 2 floors!
  5586 | D:6      | Found a broken altar of Ashenzari.
  5610 | D:6      | Found a sparkling altar of Nemelex Xobeh.
  5643 | D:5      | Entered Level 5 of the Dungeon
  5681 | D:5      | Reached XP level 7. HP: 51/61 MP: 2/9
  5744 | D:5      | Noticed 7151Change's ghost (amateur MDFi)
  5745 | D:5      | Found a transporter.
  5745 | D:5      | Found a transporter.
  5745 | D:5      | Identified the +9 great mace "Idaatoid" {venom, Int+8}
  5862 | D:5      | Reached skill level 6 in Fighting
  6233 | D:5      | Identified the +1 scale mail of Parts Unknown {rF++}
  6423 | D:5      | Reached skill level 8 in Necromancy
  6848 | D:6      | Reached skill level 7 in Fighting
  6848 | D:6      | Reached XP level 8. HP: 73/73 MP: 6/10
  7014 | D:6      | Reached skill level 9 in Necromancy
  7034 | D:6      | Noticed hgbash's ghost (novice DrSh)
  7040 | D:6      | Found a transporter.
  7050 | D:6      | Found a transporter.
  7090 | D:6      | Noticed a troll
  7155 | D:6      | Noticed a black mamba
  7194 | D:6      | Reached skill level 1 in Axes
  7264 | D:6      | Reached skill level 8 in Fighting
  7264 | D:6      | Reached skill level 2 in Axes
  7322 | D:6      | Found a one-way gate to the infinite horrors of the Abyss.
  7482 | D:7      | Found a stormy altar of Qazlal.
  7507 | D:7      | Reached skill level 3 in Axes
  7617 | D:7      | Reached XP level 9. HP: 66/82 MP: 11/11
  7622 | D:7      | Reached skill level 4 in Axes
  7667 | D:7      | Identified a scarf of resistance
  7682 | D:7      | Reached skill level 10 in Necromancy
  7736 | D:7      | Reached skill level 9 in Fighting
  7741 | D:7      | Reached skill level 5 in Axes
  7749 | D:7      | HP: 6/75 [wight/+4 halberd of freezing (4)]
  7750 | D:7      | HP: 2/74 [wight/+4 halberd of freezing (1)]
  7752 | D:7      | Slain by a wight

Vanquished Creatures
  A wyvern (D:7)
  A steam dragon (D:7)
  3 ice beasts
  2 sky beasts
  An orc warrior (D:6)
  2 black bears
  A centaur (D:7)
  A kobold brigand (D:6)
  A brain worm (Sewer)
  A bullfrog (D:7)
  2 wights (D:7)
  2 howler monkeys (D:6)
  2 orc priests
  3 jellies
  A gnoll bouda (D:6)
  2 sleepcaps (D:5)
  2 iguanas
  6 orc wizards
  15 gnolls
  6 adders
  3 river rats (Sewer)
  2 shadow imps
  A white imp (D:7)
  4 ribbon worms (D:3)
  3 dart slugs (D:1)
  20 orcs
  8 bats
  2 endoplasms
  5 giant cockroaches
  9 goblins
  7 hobgoblins
  6 jackals
  6 kobolds
  5 quokkas
  12 ball pythons
  5 frilled lizards
  6 rats
159 creatures vanquished.

Vanquished Creatures (collateral kills)
  An ice beast (D:6)
  A sky beast (D:4)
  A sleepcap (D:4)
  An adder (Sewer)
  A river rat (Sewer)
  2 orcs (D:4)
  A goblin (D:1)
  A kobold (D:2)
  A bat (D:2)
10 creatures vanquished.

Vanquished Creatures (others)
  An orc wizard (D:4)
1 creature vanquished.

Grand Total: 170 creatures vanquished

Table legend: (Time is in decaauts)
 A = Elapsed time spent in this place.
 B = Non-inter-level travel time spent in this place.
 C = Inter-level travel time spent in this place.
 D = Time resting spent in this place.
 E = Time spent auto-exploring this place.
 F = Levels seen in this place.
 G = Mean time per level.
                   A        B        C        D        E       F      G
               +--------+--------+--------+--------+--------+-----+--------+
         Total |   8093 |   7592 |    501 |    154 |   5550 |   8 | 1011.6 |
       Dungeon |   6889 |   6388 |    501 |    118 |   4662 |   7 |  984.1 |
         Sewer |   1203 |   1203 |      0 |     36 |    888 |   1 | 1203.0 |
               +--------+--------+--------+--------+--------+-----+--------+

Top non-repeatable levels by time:
     D:3: 1242 daAuts
     D:1: 1223 daAuts
   Sewer: 1203 daAuts
     D:5: 1177 daAuts
     D:2: 1114 daAuts
     D:4: 1060 daAuts
     D:6: 772 daAuts
     D:7: 297 daAuts

Table legend:
 A = Non-vault XP
 B = Vault XP
 C = Vault XP percentage of total XP
 D = Non-vault monster count
 E = Vault monster count
 F = Vault count percentage of total count
                 A         B        C        D         E       F
            +---------+---------+-------+---------+---------+-------
      Total |    3022 |     573 |  15.9 |     137 |      33 |  19.4
            +---------+---------+-------+---------+---------+-------
        D:1 |      60 |       0 |   0.0 |      30 |       0 |   0.0
        D:2 |      38 |       0 |   0.0 |      18 |       0 |   0.0
        D:3 |      32 |      13 |  28.9 |      14 |       3 |  17.6
        D:4 |     333 |      26 |   7.2 |      23 |       2 |   8.0
        D:5 |     563 |       0 |   0.0 |      17 |       0 |   0.0
        D:6 |    1115 |       0 |   0.0 |      25 |       0 |   0.0
        D:7 |     881 |     328 |  27.1 |      10 |       8 |  44.4
      Sewer |       0 |     206 | 100.0 |       0 |      20 | 100.0
            +---------+---------+-------+---------+---------+-------
